 Dungeon Crawl Stone Soup version 0.25-a0-86-ga6f17ae7d4 (webtiles) character file.

Game seed: 2742067002049465227, levelgen mode: deterministic

81 D1HalberdGnoll the Poker (level 4, 0/35 HPs)
             Began as a Merfolk Skald on Nov 9, 2019.
             Succumbed to Terence's poison
             ... on level 3 of the Dungeon.
             The game lasted 00:03:02 (2003 turns).

D1HalberdGnoll the Poker (Merfolk Skald)            Turns: 2003, Time: 00:03:02

Health: 0/35       AC:  5    Str: 10 (12) XL:     4   Next: 42%
Magic:  5/7        EV: 12    Int: 17      God:
Gold:   139        SH:  0    Dex: 10 (13) Spells: 6/7 levels left

rFire    + . .     SeeInvis .   a - +0 spear
rCold    + . .     Gourm    .   (no shield)
rNeg     . . .     Faith    .   g - +1 leather armour (curse)
rPois    +         Spirit   .   q - +0 helmet
rElec    +         Reflect  .   (no cloak)
rCorr    +         Harm     .   (no gloves)
MR       .....                  (no boots)
Stlth    +.........             (no amulet)
HPRegen  0.11/turn              (no ring)
MPRegen  0.10/turn              (no ring)

@: brilliant, lethally poisoned (0 -> -11), resistant, hasted, very quick
A: change form in water, swift swim, stealthy swim
a: no special abilities


You were on level 3 of the Dungeon.
You were hungry.

You visited 1 branch of the dungeon, and saw 3 of its levels.

You collected 139 gold pieces.

Inventory:

Hand Weapons
 a - a +0 spear (weapon)
Missiles
 f - 23 poisoned darts (quivered)
Armour
 g - a cursed +1 leather armour (worn)
 q - a +0 helmet (worn)
Scrolls
 b - 2 scrolls of remove curse
 c - a scroll of identify
 e - a scroll of blinking {unknown}
 i - 2 scrolls of enchant armour
 j - a scroll of teleportation {unknown}
 k - a scroll of magic mapping {unknown}
Potions
 l - a potion of degeneration
Comestibles
 d - 9 rations


   Skills:
 + Level 3.1 Fighting
 * Level 5.1 Polearms
 - Level 0.6 Armour
 + Level 3.7 Dodging
 - Level 2.0 Spellcasting
 - Level 3.2 Charms


You had 6 spell levels left.
You knew the following spells:

 Your Spells              Type           Power        Failure   Level  Hunger
a - Infusion              Chrm           ###.         1%          1    #......

Your spell library contained the following spells:

 Spells                   Type           Power        Failure   Level  Hunger
 Song of Slaying          Chrm           ###.....     1%          2    ###....
 Shroud of Golubria       Chrm/Tloc      ###...       2%          2    ###....
 Regeneration             Chrm/Necr      ###.......   4%          3    ###....
 Spectral Weapon          Hex/Chrm       ###.....     4%          3    ###....


Dungeon Overview and Level Annotations

Branches:
Dungeon (3/15)

Altars:


Message History

* * * LOW HITPOINT WARNING * * *
You feel sick.
Attack whom?
Press: ? - help, Dir - move target cursor, f/p - Terence
Aim: Terence, wielding a +0 trident of venom and wearing a +1 chain mail of poison resistance (almost dead)
You reach to attack!
You barely miss Terence.
Terence is almost dead.
Terence hits you but does no damage.
You are more poisoned.
Attack whom?
Press: ? - help, Dir - move target cursor, f/p - Terence
Aim: Terence, wielding a +0 trident of venom and wearing a +1 chain mail of poison resistance (almost dead)
You reach to attack!
You hit Terence.
You kill Terence!
You feel your intelligence returning.
Your Polearms skill increases to level 5!
You have reached level 4!
It was a potion of resistance.
You feel protected.
You die...

###..###### #..............
##......###.##..(........#
######.....##....^......#
##......##...........#
##.......##.#).......##
###............(........#
.....)..................###
...##......................
............#@#.(........#
.........................#
...#......)..##........####
....#.......####..........##
#.#.....(...# ##...........#
#......(..#.# #.......##...
####......#.#.........#####
#.##.......###..##.....## #.
%....[.. #..######..#


There were no monsters in sight!

Vanquished Creatures
  Terence (D:3)
  A worm (D:2)
  2 dart slugs (D:2)
  2 leopard geckos
  3 bats
  A giant cockroach (D:2)
  7 goblins
  6 hobgoblins
  6 jackals
  2 frilled lizards
  4 kobolds
  9 rats
44 creatures vanquished.

Notes
Turn   | Place    | Note
-------+----------+-------------------------------------------
     0 | D:1      | D1HalberdGnoll the Merfolk Skald began the quest for the
                  | Orb.
     0 | D:1      | Reached XP level 1. HP: 16/16 MP: 3/3
   170 | D:1      | Reached XP level 2. HP: 18/23 MP: 1/5
   455 | D:1      | Reached skill level 4 in Polearms
   579 | D:2      | Reached XP level 3. HP: 28/28 MP: 0/6
  1704 | D:3      | Noticed Terence
  1987 | D:3      | HP: 1/29 [poisoned by Terence]
  2000 | D:3      | HP: 1/29 [poisoned by Terence]
  2002 | D:3      | Killed Terence
  2002 | D:3      | Reached skill level 5 in Polearms
  2002 | D:3      | Reached XP level 4. HP: 1/35 MP: 5/7
  2003 | D:3      | Succumbed to Terence's poison

Levels and vault maps discovered:
D:1:      eino_arrival_cavern_e, layout_rooms
D:2:      layout_loops_ring
D:3:      layout_rooms, uniq_terence

Skill      XL: |  1  2  3 |
---------------+----------+-----
Dodging        | 3 |  3.7
Polearms       | 4 5 |  5.1
Fighting       | 3 |  3.1
Armour         | |  0.6
Spellcasting   | |  2.0
Charms         | |  3.2

Action                   |  1- 3 |  4- 6 || total
-------------------------+-------+-------++-------
Melee: Spear             |   173 |       ||   173
Throw: Dart              |     3 |       ||     3
 Cast: Infusion          |     8 |       ||     8
  Use: Potion            |     4 |     1 ||     5
       Scroll            |     3 |       ||     3
 Stab: Sleeping          |     3 |       ||     3
  Eat: Chunk             |     3 |       ||     3
Armor: Leather armour    |    26 |       ||    26
Dodge: Dodged            |    77 |       ||    77

Table legend:
 A = Non-vault XP
 B = Vault XP
 C = Vault XP percentage of total XP
 D = Non-vault monster count
 E = Vault monster count
 F = Vault count percentage of total count
                 A         B        C        D         E       F
            +---------+---------+-------+---------+---------+-------
      Total |      81 |      36 |  30.8 |      43 |       1 |   2.3
            +---------+---------+-------+---------+---------+-------
        D:1 |      28 |       0 |   0.0 |      17 |       0 |   0.0
        D:2 |      46 |       0 |   0.0 |      22 |       0 |   0.0
        D:3 |       7 |      36 |  83.7 |       4 |       1 |  20.0
            +---------+---------+-------+---------+---------+-------
